 Dungeon Crawl Stone Soup version 0.18.1-51-gd549091e01 (webtiles) character file.

71502 magog001 the Warrior (level 15, -10/149 HPs)
             Began as a Hill Orc Fighter on Mar 26, 2020.
             Was a High Priest of Nemelex Xobeh.
             Killed from afar by a thorn hunter (21 damage)
             ... with a volley of thorns
             ... on level 2 of the Swamp on Mar 29, 2020.
             The game lasted 02:04:02 (25383 turns).

magog001 the Warrior (Hill Orc Fighter)            Turns: 25383, Time: 02:04:03

Health: -10/149    AC: 26    Str: 30    XL:     15   Next: 36%
Magic:  25/25      EV:  8    Int:  8    God:    Nemelex Xobeh [*****.]
Gold:   1163       SH: 14    Dex: 13    Spells: 0 memorised, 14 levels left

rFire  + + .     SeeInvis .     R - +5 broad axe "Ycriukko" {chop, +Inv rF+}
rCold  . . .     Gourm    .     r - +4 plate armour {rF+}
rNeg   . . .     Faith    .     c - +0 shield
rPois  .         Spirit   .     (no helmet)
rElec  .         Dismiss  .     A - +2 cloak
rCorr  +         Reflect  .     i - +0 pair of gloves
SustAt .         Harm     .     F - +0 pair of boots
MR     +....                    y - amulet of rage
Stlth  ..........               O - ring "Kudghoumi" {MP+9 Str+4 Dex+3}
                                d - ring of resist corrosion

@: very slightly contaminated, hasted, very quick, somewhat resistant to hostile
enchantments, extremely unstealthy
A: no striking features
a: Triple Draw, Deal Four, Stack Five, Renounce Religion, Evoke Berserk Rage,
Evoke Invisibility


You were on level 2 of the Swamp.
You worshipped Nemelex Xobeh.
Nemelex Xobeh was extremely pleased with you.
You were not hungry.

You visited 4 branches of the dungeon, and saw 20 of its levels.

You collected 1163 gold pieces.

Inventory:

Hand Weapons
 Q - a +3 hunting sling of flaming
 R - the +5 broad axe "Ycriukko" (weapon) {chop, +Inv rF+}
   (You found it on level 4 of the Lair of Beasts)

   It inflicts extra damage upon your enemies.
   It protects you from fire.
   It lets you turn invisible.
 W - the +4 hand crossbow "Spiderslayer" {velocity, rElec rPois Int+4 Stlth+}
   (You found it on level 5 of the Lair of Beasts)

   Any bolt fired from it inflicts extra damage.
   It affects your intelligence (+4).
   It insulates you from electricity.
   It protects you from poison.
   It makes you more stealthy.
Missiles
 j - 120 sling bullets
Armour
 c - a +0 shield (worn)
 i - a +0 pair of gloves (worn)
 r - a +4 plate armour of fire resistance (worn)
 A - a +2 cloak (worn)
 F - a +0 pair of boots (worn)
Rods
 E - a +2 rod of shadows (13/13)
   (You found it on level 6 of the Lair of Beasts)
Jewellery
 d - a ring of resist corrosion (left hand)
 l - an uncursed ring of flight
 n - a +3 ring of evasion
 y - an amulet of rage (around neck)
 O - the ring "Kudghoumi" (right hand) {MP+9 Str+4 Dex+3}
   (You found it on level 6 of the Dungeon)

   [ring of magical power]

   It affects your strength (+4).
   It affects your dexterity (+3).
   It affects your magic capacity (+9).
Wands
 a - a wand of lightning (0/15)
 e - a wand of confusion (6/48)
 v - a wand of disintegration (5/24)
 x - a wand of paralysis (5/24)
 H - a wand of polymorph (5/24)
 J - a wand of teleportation (1/9)
 L - a wand of slowing (35/48)
 M - a wand of confusion (17/48)
 V - a wand of teleportation (5/9)
 Z - a wand of flame (19/48)
Scrolls
 h - a scroll of identify
 t - 5 scrolls of remove curse
 w - 7 scrolls of teleportation
 D - a scroll of recharging
 K - a scroll of magic mapping
 P - 2 scrolls of blinking
 U - a scroll of holy word
 X - 2 scrolls of fear
Potions
 o - 3 potions of haste
 s - 2 potions of invisibility
 I - a potion of curing
 Y - 2 potions of might
Miscellaneous
 b - an ornate deck of war
 g - an ornate deck of escape {drawn: 1}
 m - a lamp of fire
 p - an ornate deck of escape
 q - a plain deck of destruction {drawn: 4}
 u - an ornate deck of destruction
 z - a lamp of fire
 B - a plain deck of escape
 G - an ornate deck of destruction
 S - an ornate deck of war
 T - an ornate deck of escape
Comestibles
 f - 8 bread rations
 k - 11 fruits
 C - 11 royal jellies
 N - a slice of pizza


   Skills:
 * Level 17.9 Fighting
 + Level 17.1 Axes
 + Level 1.2 Slings
 + Level 12.5 Armour
 + Level 1.4 Stealth
 + Level 13.4 Shields
 + Level 2.2 Evocations


You had 14 spell levels left.
You didn't know any spells.

Dungeon Overview and Level Annotations

Branches:
Dungeon (9/15)             Temple (1/1) D:5            Lair (8/8) D:9
  Swamp (2/4) Lair:5       Spider (0/4) Lair:3        Slime (0/6) Lair:6
    Orc: D:9-12

Altars:
Cheibriados
Elyvilon
Fedhas
Kikubaaqudgha
Makhleb
Nemelex Xobeh
Okawaru
Pakellas
Qazlal
Ru
Trog
Vehumet
Xom
Yredelemnul
Zin
The Shining One
Jiyva

Shops:
D:5 *

Annotations:
Lair:1 Sonja


Message History

You block the thorn hunter's attack.
The thorn hunter hits you but does no damage.
You closely miss the thorn hunter.
The thorn hunter is severely damaged.
The thorn hunter hits you.
* * * LOW HITPOINT WARNING * * *
You block the thorn hunter's attack.
You slash the thorn hunter!
The thorn hunter is severely damaged.
You slash the thorn hunter!
The thorn hunter is almost destroyed.
The thorn hunter gestures.
You hit the thorn hunter but do no damage.
The thorn hunter is almost destroyed.
Your shield and plate armour prevent you from hitting the thorn hunter.
The thorn hunter is almost destroyed.
The thorn hunter fires a volley of thorns at you.
The volley of thorns hits you!
You die...
Your body glows slightly and disappears.

≈≈≈ ≈.≈.. ≈≈ ≈♣... .≈
♣....#+####. ♣..#...#...
≈ ♣..#...#..# ≈ ≈≈
♣..##:##f.# .% ≈≈≈
♣..#..÷#@## ≈..
....♣♣:.......=# ≈≈≈♣
.≈≈≈.♣..#......#..≈.♣
.≈≈≈§...########...♣
≈≈≈..≈≈.......)....♣
≈≈%...≈............≈≈♣.≈
≈≈.♣♣♣≈≈.§.≈≈.≈♣♣≈..♣♣..
≈≈.≈....≈.≈.≈.≈♣♣≈≈≈....
≈≈.≈.?.≈≈≈..≈..♣.≈≈≈....


You could see a thorn hunter.

Vanquished Creatures
  Nessos (Lair:8)
  Fannar (Lair:2)
  The ghost of PeterLawrence the Carver, a journeyman MiFi of Okawaru (Lair:1)
  A fire dragon (Lair:8)
  6 hydras
  6 alligators (Swamp:1)
  8 death yaks
  The ghost of magog001 the Protected, a novice MiFi of Nemelex Xobeh (D:9)
  A swamp dragon (Swamp:2)
  2 shambling mangroves (Swamp:2)
  A griffon (Lair:8)
  2 hornets (Swamp:2)
  18 elephants
  3 black mambas
  3 torpor snails
  21 spiny frogs
  7 komodo dragons
  3 rime drakes
  3 trolls (D:9)
  3 jumping spiders (Lair:3)
  A polar bear (Lair:8)
  5 giant leeches
  3 slime creatures (Swamp:1)
  23 blink frogs
  Prince Ribbit (D:9)
  4 bog bodies
  4 spriggans
  3 shadows
  6 redbacks (Lair:3)
  A wyvern (Lair:5)
  49 yaks
  6 basilisks
  A golden eye (Lair:3)
  A hungry ghost (D:7)
  8 vampire mosquitoes
  6 hippogriffs
  3 steam dragons
  7 swamp worms
  2 mottled dragons (Lair:8)
  19 water moccasins
  12 porcupines
  3 black bears
  A sky beast (D:5)
  2 ice beasts
  7 wasps
  2 swamp drakes (Lair:8)
  5 ogres
  2 phantoms
  15 wolves
  5 centaurs
  2 necrophages
  18 crocodiles
  18 giant frogs
  A wyvern skeleton (D:9)
  3 scorpions
  13 wights
  7 electric eels
  4 howler monkeys
  4 crimson imps
  A centaur zombie (D:6)
  A giant frog zombie (D:7)
  12 hounds
  4 jellies
  4 orc priests
  16 iguanas
  7 orc wizards
  8 worker ants
  2 centaur skeletons
  16 sheep
  A killer bee zombie (D:8)
  2 hound skeletons
  2 worker ant zombies
  9 gnolls
  10 adders
  52 river rats
  7 oozes
  6 adder skeletons
  An adder zombie (D:5)
  3 dart slugs
  4 giant geckos
  17 orcs
  4 giant cockroaches
  12 goblins
  7 hobgoblins
  13 jackals
  10 kobolds
  6 quokkas
  2 ball pythons (D:3)
  7 bats
  A giant gecko skeleton (D:6)
  9 giant newts
  A jackal skeleton (D:7)
  A quokka zombie (D:6)
  6 rats
  3 bushes (Lair:3)
  10 fungi
  13 plants
659 creatures vanquished.

Vanquished Creatures (collateral kills)
  2 hydras
  A yak (Lair:7)
  A hippogriff (Lair:8)
  A crocodile (Lair:7)
  A plant (Lair:8)
6 creatures vanquished.

Vanquished Creatures (others)
  A jelly (D:6)
  3 bushes
  44 fungi
  44 plants
92 creatures vanquished.

Grand Total: 757 creatures vanquished

Notes
Turn   | Place    | Note
--------------------------------------------------------------
     0 | D:1      | magog001 the Hill Orc Fighter began the quest for the Orb.
     0 | D:1      | Reached XP level 1. HP: 19/19 MP: 1/1
   148 | D:1      | Reached XP level 2. HP: 22/27 MP: 2/2
   927 | D:2      | Reached XP level 3. HP: 20/33 MP: 3/3
  1090 | D:2      | Found a burning altar of Makhleb.
  1246 | D:2      | Reached XP level 4. HP: 40/41 MP: 4/4
  1311 | D:2      | Found a stormy altar of Qazlal.
  1703 | D:2      | Reached skill level 5 in Fighting
  1965 | D:2      | Reached XP level 5. HP: 48/48 MP: 5/5
  2013 | D:2      | Found a bloodstained altar of Trog.
  3158 | D:3      | Reached XP level 6. HP: 22/56 MP: 6/6
  3640 | D:3      | Found a shimmering altar of Xom.
  4460 | D:4      | Found a snail-covered altar of Cheibriados.
  4553 | D:4      | Noticed a phantom
  4579 | D:4      | Killed a phantom
  4579 | D:4      | Reached skill level 5 in Armour
  4579 | D:4      | Reached skill level 5 in Shields
  4579 | D:4      | Reached XP level 7. HP: 52/63 MP: 7/7
  4918 | D:5      | Entered Level 5 of the Dungeon
  5110 | D:5      | Found a staircase to the Ecumenical Temple.
  5182 | D:5      | Found Zin's Purification Station.
  5187 | D:5      | Found a glowing silver altar of Zin.
  5436 | D:5      | Reached skill level 5 in Axes
  5664 | D:5      | Reached XP level 8. HP: 66/73 MP: 8/8
  6517 | D:6      | Found an oddly glowing altar of Pakellas.
  6517 | D:6      | Noticed an orange crystal statue
  6617 | D:6      | Reached XP level 9. HP: 82/82 MP: 9/9
  6779 | D:6      | Got a brightly glowing bone ring
  7436 | D:6      | Identified the ring "Kudghoumi" {MP+9 Str+4 Dex+3} (You found it on level 6 of the Dungeon)
  7777 | D:7      | Reached skill level 1 in Stealth
  8120 | D:7      | Reached skill level 10 in Fighting
  8452 | D:7      | Reached XP level 10. HP: 88/92 MP: 10/10
  8532 | Temple   | Entered the Ecumenical Temple
  8549 | Temple   | Became a worshipper of Nemelex Xobeh the Trickster
  8617 | D:8      | Received a gift from Nemelex Xobeh
  8748 | D:8      | Found a sacrificial altar of Ru.
  9700 | D:9      | Reached skill level 10 in Axes
  9949 | D:9      | Noticed Prince Ribbit
  9956 | D:9      | Killed Prince Ribbit
 10362 | D:9      | Found a sacrificial altar of Ru.
 10438 | D:9      | Found an oddly glowing altar of Pakellas.
 10837 | D:9      | Found a staircase to the Lair.
 10884 | D:9      | Noticed magog001's ghost (novice MiFi)
 10920 | D:9      | Killed magog001's ghost
 11177 | D:9      | Reached XP level 11. HP: 91/102 MP: 11/11
 11284 | D:9      | Received a gift from Nemelex Xobeh
 11380 | Lair:1   | Entered Level 1 of the Lair of Beasts
 11382 | Lair:1   | Reached * piety under Nemelex Xobeh
 11476 | Lair:1   | Noticed PeterLawrence's ghost (journeyman MiFi)
 11831 | Lair:1   | Killed PeterLawrence's ghost
 12460 | Lair:1   | You fall through a shaft!
 12462 | Lair:2   | Noticed Fannar
 12491 | Lair:2   | Killed Fannar
 12491 | Lair:2   | Reached skill level 10 in Shields
 12904 | Lair:1   | You fall through a shaft!
 13268 | Lair:2   | Reached ** piety under Nemelex Xobeh
 14071 | Lair:2   | Received a gift from Nemelex Xobeh
 14255 | Lair:1   | Noticed Sonja
 14861 | Lair:3   | Reached XP level 12. HP: 101/113 MP: 12/12
 15512 | Lair:3   | Found a hole to the Spider Nest.
 16718 | Lair:3   | Reached skill level 10 in Armour
 17207 | Lair:4   | Received a gift from Nemelex Xobeh
 17629 | Lair:4   | Got a transparent broad axe
 17630 | Lair:4   | Identified the +5 broad axe "Ycriukko" {chop, +Inv rF+} (You found it on level 4 of the Lair of Beasts)
 18005 | Lair:5   | Received a gift from Nemelex Xobeh
 18039 | Lair:5   | Reached XP level 13. HP: 106/125 MP: 13/13
 18082 | Lair:5   | Found a staircase to the Swamp.
 18710 | Lair:5   | Reached *** piety under Nemelex Xobeh
 18716 | Lair:5   | Received a gift from Nemelex Xobeh
 18773 | Lair:5   | Got a jewelled hand crossbow
 18788 | Lair:5   | Identified the +4 hand crossbow "Spiderslayer" {velocity, rElec rPois Int+4 Stlth+} (You found it on level 5 of the Lair of Beasts)
 19062 | Swamp:1  | Entered Level 1 of the Swamp
 19069 | Swamp:1  | Reached skill level 15 in Fighting
 19608 | Lair:6   | Found a staircase to the Slime Pits.
 19608 | Lair:6   | Found a viscous altar of Jiyva.
 20196 | Lair:6   | Identified a +2 rod of shadows (13/13) (You found it on level 6 of the Lair of Beasts)
 20660 | Lair:7   | 6
 20713 | Lair:7   | Reached skill level 15 in Axes
 20851 | Lair:7   | Reached **** piety under Nemelex Xobeh
 20859 | Lair:7   | Received a gift from Nemelex Xobeh
 21114 | Lair:7   | Reached XP level 14. HP: 119/136 MP: 14/14
 21410 | Lair:7   | Reached skill level 1 in Evocations
 21424 | Lair:7   | Received a gift from Nemelex Xobeh
 21465 | Lair:8   | Entered Level 8 of the Lair of Beasts
 21832 | Lair:8   | Received a gift from Nemelex Xobeh
 21850 | Lair:8   | Noticed Nessos
 21858 | Lair:8   | Killed Nessos
 23214 | Lair:8   | Received a gift from Nemelex Xobeh
 23347 | Lair:8   | Reached ***** piety under Nemelex Xobeh
 23637 | Swamp:1  | Reached XP level 15. HP: 134/147 MP: 16/16
 24357 | Swamp:2  | Paralysed by a hornet for 3 turns
 24766 | Swamp:1  | Reached skill level 1 in Slings
 24893 | Swamp:2  | Received a gift from Nemelex Xobeh
 25357 | Swamp:2  | Noticed a thorn hunter
 25383 | Swamp:2  | Killed from afar by a thorn hunter

Skill      XL: |  1  2  3  4  5  6  7  8  9 10 11 12 13 14 15 |
---------------+----------------------------------------------+-----
Axes           | 3 4 5 6 9 11 12 13 15 16 17 | 17.1
Fighting       | 4 5 6 7 8 10 11 12 14 15 17 | 17.9
Armour         | 4 5 6 7 8 9 10 11 12 | 12.5
Shields        | 4 5 6 8 9 10 11 12 13 | 13.4
Stealth        | 1 |  1.4
Evocations     | 1 2 |  2.2
Slings         | 1 |  1.2

Action                   |  1- 3 |  4- 6 |  7- 9 | 10-12 | 13-15 || total
-------------------------+-------+-------+-------+-------+-------++-------
Melee: War axe           |   107 |   239 |   506 |   905 |       ||  1757
       Broad axe         |       |       |       |    27 |   813 ||   840
 Fire: Hunting sling     |       |       |       |       |     7 ||     7
 Abil: Evoke Flight      |       |       |       |     1 |       ||     1
Evoke: Wand              |       |       |       |     4 |    11 ||    15
       Deck              |       |       |       |       |    18 ||    18
       Lamp of fire      |       |       |       |       |     2 ||     2
       Rod               |       |       |       |       |     1 ||     1
  Use: Scroll            |       |       |       |    18 |    11 ||    29
       Potion            |       |       |       |    23 |     9 ||    32
 Stab: Paralysed         |       |       |       |       |     1 ||     1
  Eat: Chunk             |     1 |     4 |    21 |    10 |     4 ||    40
       Pizza             |       |     1 |     1 |       |     1 ||     3
       Meat ration       |       |     1 |     1 |       |     2 ||     4
       Fruit             |       |       |     1 |       |     1 ||     2
       Beef jerky        |       |       |     2 |     3 |     3 ||     8
       Bread ration      |       |       |     2 |     3 |     1 ||     6
       Royal jelly       |       |       |       |     1 |       ||     1
Armor: Scale mail        |    84 |   105 |    11 |       |       ||   200
       Plate armour      |       |       |   262 |   387 |   428 ||  1077
Dodge: Dodged            |    55 |   126 |   145 |   214 |   259 ||   799
Block: Shield            |    88 |   176 |   295 |   548 |   509 ||  1616
